 Dungeon Crawl Stone Soup version 0.24.0-1-gfbc8707 (webtiles) character file.

Game seed: 3826227139008505274, levelgen mode: deterministic

1606 Buxparty the Spear-Bearer (level 8, -9/65 HPs)
             Began as a Merfolk Fighter on Dec 30, 2019.
             Mangled by an ogre
             ... wielding a +0 giant club
              (14 damage)
             ... on level 5 of the Dungeon.
             The game lasted 00:16:28 (4982 turns).

Buxparty the Spear-Bearer (Merfolk Fighter)         Turns: 4982, Time: 00:16:29

Health: -9/65      AC: 10    Str: 22    XL:     8   Next: 94%
Magic:  8/8        EV: 12    Int:  7    God:
Gold:   205        SH:  0    Dex: 13    Spells: 7/7 levels left

rFire    . . .     SeeInvis .   a - +0 trident
rCold    . . .     Gourm    .   (no shield)
rNeg     . . .     Faith    .   b - +0 scale mail
rPois    .         Spirit   .   h - +0 helmet
rElec    .         Reflect  .   (no cloak)
rCorr    .         Harm     .   e - +2 pair of gloves {Str+3}
MR       .....                  (no boots)
Stlth    ..........             (no amulet)
HPRegen  0.00/turn              (no ring)
MPRegen  0.11/turn              (no ring)

@: non-regenerating, diseased
A: change form in water, swift swim, stealthy swim
a: no special abilities


You were on level 5 of the Dungeon.
You were not hungry.

You visited 1 branch of the dungeon, and saw 6 of its levels.

You collected 205 gold pieces.

Inventory:

Hand Weapons
 a - a +0 trident (weapon)
Armour
 b - a +0 scale mail (worn)
 c - a +0 shield
 e - a +2 pair of gloves of strength (worn)
 h - a +0 helmet (worn)
Wands
 j - a wand of polymorph (11)
Scrolls
 g - 4 scrolls of remove curse
 k - 3 scrolls of identify
 l - a scroll of teleportation {unknown}
 o - a scroll of blinking {unknown}
Potions
 d - a potion of might
 i - a potion of berserk rage {unknown}
 m - 2 potions of heal wounds
 n - 2 potions of curing
 q - a potion of ambrosia {unknown}
 r - a potion of flight {unknown}
Miscellaneous
 p - a lamp of fire
Comestibles
 f - 6 rations


   Skills:
 + Level 6.7 Fighting
 + Level 12.2 Polearms
 - Level 2.1 Armour
 + Level 5.2 Dodging
 - Level 3.0 Shields


You had 7 spell levels left.
You didn't know any spells.
Your spell library contained the following spells:

 Spells                   Type           Power        Failure   Level  Hunger
 Sandblast                Erth           #.....       77%         1    ##.....
 Passwall                 Tmut/Erth      #.......     88%         2    ###....
 Stone Arrow              Conj/Erth      #.....       98%         3    ####...
 Petrify                  Tmut/Erth      #.......     100%        4    #####..
 Lee's Rapid Deconstruct  Erth           #.........   100%        5    ######.


Dungeon Overview and Level Annotations

Branches:
Dungeon (6/15)
 Temple: D:4-7

Altars:
Ashenzari
Kikubaaqudgha
Sif Muna
Uskayaw
Vehumet


Message History

* * * LOW HITPOINT WARNING * * *
You hit Grinder.
Grinder is almost dead.
The phantom hits you but does no damage.
The ooze closely misses you. Grinder hits you but does no damage.
You barely miss Grinder.
Grinder is almost dead.
You hear the slow rusting of a distant drain.
The phantom misses you. The ooze hits you but does no damage.
You hit Grinder.
You kill Grinder!
Your Polearms skill increases to level 12!
You see here an arrow.
There is a stone staircase leading up here.
The phantom misses you. The ooze closely misses you.
You climb upwards.
The centaur shouts!
A ball python and an ogre come into view.
The ogre hits you with a +0 giant club!
You die...

#.# .#. #.. ..
#..###..#
####....#..#
........#..###
.............#
$......OW....#
....S..@c....#
........J....#
...........###
####.......#
### #.......#
#.. #.......#
#.. #########
#.. #.. #..


You could see a phantom, an ogre, a centaur, an ooze and a ball python.

Vanquished Creatures
  Grinder (D:6)
  Duvessa (D:5)
  A sky beast (D:5)
  An orc warrior (D:5)
  A necrophage (D:6)
  An ogre (D:4)
  2 centaurs
  Dowan (D:5)
  A centaur zombie (D:5)
  A bullfrog zombie (D:5)
  A hound (D:4)
  2 orc priests
  8 orc wizards
  A centaur skeleton (D:4)
  Jessica (D:2)
  A worker ant (D:3)
  A hound zombie (D:6)
  4 gnolls (D:2)
  A howler monkey skeleton (D:4)
  8 adders
  An ooze (D:1)
  2 adder zombies
  2 adder skeletons (D:4)
  2 dart slugs (D:1)
  2 leopard geckos
  23 orcs
  8 bats
  2 bat zombies (D:4)
  3 giant cockroaches
  10 goblins
  9 hobgoblins
  6 jackals (D:2)
  4 quokkas
  2 ball pythons (D:4)
  7 frilled lizards
  8 kobolds
  8 rats
  2 rat zombies (D:4)
140 creatures vanquished.

Notes
Turn   | Place    | Note
-------+----------+-------------------------------------------
     0 | D:1      | Buxparty the Merfolk Fighter began the quest for the Orb.
     0 | D:1      | Reached XP level 1. HP: 18/18 MP: 1/1
   304 | D:1      | Reached XP level 2. HP: 25/25 MP: 2/2
   720 | D:1      | Reached XP level 3. HP: 30/30 MP: 3/3
   922 | D:1      | Reached skill level 4 in Polearms
  1463 | D:2      | Reached skill level 1 in Dodging
  1520 | D:2      | Reached XP level 4. HP: 37/37 MP: 4/4
  1660 | D:2      | Reached skill level 5 in Polearms
  1942 | D:2      | Noticed Jessica
  1949 | D:2      | Killed Jessica
  1949 | D:2      | Reached skill level 6 in Polearms
  1949 | D:2      | Reached XP level 5. HP: 36/43 MP: 5/5
  2117 | D:3      | Found a shattered altar of Ashenzari.
  2241 | D:3      | Reached skill level 7 in Polearms
  2259 | D:3      | Reached XP level 6. HP: 42/49 MP: 6/6
  2513 | D:3      | Found a shimmering blue altar of Sif Muna.
  2614 | D:4      | Found a hide-covered altar of Uskayaw.
  2724 | D:4      | Reached skill level 8 in Polearms
  2817 | D:4      | Noticed a +0 dagger
  2817 | D:4      | Noticed a +0 dagger
  2887 | D:4      | Found an ancient bone altar of Kikubaaqudgha.
  3152 | D:3      | Reached skill level 5 in Fighting
  3152 | D:3      | Reached XP level 7. HP: 55/56 MP: 7/7
  3171 | D:4      | Reached skill level 9 in Polearms
  3791 | D:5      | Entered Level 5 of the Dungeon
  3870 | D:5      | Found a radiant altar of Vehumet.
  3885 | D:5      | Noticed Duvessa
  3885 | D:5      | Noticed Dowan
  3896 | D:5      | Killed Duvessa
  3910 | D:5      | Killed Dowan
  4179 | D:5      | Reached skill level 10 in Polearms
  4219 | D:5      | Reached XP level 8. HP: 38/63 MP: 8/8
  4570 | D:5      | Reached skill level 11 in Polearms
  4938 | D:6      | Reached skill level 5 in Dodging
  4943 | D:6      | Noticed Grinder
  4960 | D:6      | Paralysed by Grinder for 2 turns
  4978 | D:6      | Killed Grinder
  4978 | D:6      | Reached skill level 12 in Polearms
  4982 | D:5      | Mangled by an ogre

Levels and vault maps discovered:
D:1:      dpeg_arrival_fog, layout_basic
D:2:      lemuel_upstairs_altar, layout_loops_ring, first_ration, uniq_jessica
D:3:      layout_rooms, lemuel_blue_sif_altar, evilmike_ruin_ashenzari
D:4:      minmay_recursive_quarters, layout_cave_pools, dancing_weapons_uskayaw,
          lemuel_zombie_altar_kikubaaqudgha, enter_ossuary_5
D:5:      layout_basic, overflow_temple_1_default, corexii_shack, uniq_duvessa
D:6:      layout_gridville, lemuel_coloured_pillars_altar, portal_sewer_entry_a,
          elyvilon_altar_3, uniq_pikel, uniq_menkaure, uniq_grinder

Skill      XL: |  1  2  3  4  5  6  7  8 |
---------------+-------------------------+-----
Fighting       | 4 5 6 |  6.7
Polearms       | 4 6 7 8 10 12 | 12.2
Dodging        | 1 2 4 5 |  5.2
Armour         | |  2.1
Shields        | |  3.0

Action                   |  1- 3 |  4- 6 |  7- 9 || total
-------------------------+-------+-------+-------++-------
Melee: Trident           |   105 |   222 |   233 ||   560
  Use: Potion            |       |     1 |     3 ||     4
       Scroll            |       |     1 |     1 ||     2
 Stab: Distracted        |     1 |       |       ||     1
  Eat: Ration            |     1 |     1 |     1 ||     3
       Chunk             |       |     1 |     2 ||     3
Armor: Scale mail        |    53 |   104 |    88 ||   245
       Skin              |       |    21 |       ||    21
Dodge: Dodged            |    36 |   135 |   112 ||   283
